 Dungeon Crawl Stone Soup version 0.31.0 (webtiles) character file.

Game seed: 13797903315542552993

2912 qw the Skirmisher (level 9, -11/59 HPs)
             Began as a Gargoyle Hunter on Jan 19, 2024.
             Was a Follower of Okawaru.
             Mangled by an ogre
             ... wielding a +0 giant spiked club
              (24 damage)
             ... on level 7 of the Dungeon.
             The game lasted 00:00:37 (6580 turns).

qw the Skirmisher (Gargoyle Hunter)                 Turns: 6580, Time: 00:00:37

Health: -11/59     AC: 13    Str: 14 (15) XL:     9   Next: 78%
Magic:  10/10      EV: 13    Int: 10      God:    Okawaru [*.....]
Gold:   314        SH:  0    Dex: 17      Spells: 8/8 levels left

rFire   . . .        o - +0 orcbow
rCold   + . .        (shield currently unavailable)
rNeg    + + +        c - +2 robe {rC+}
rPois   inf          n - +1 helmet
rElec   +            (no cloak)
rCorr   .            (no gloves)
SInv    .            m - +0 pair of boots
Will    .....        (no amulet)
Stlth   ++           h - ring of positive energy
HPRegen 0.29/turn    j - ring of positive energy
MPRegen 0.12/turn

%: no passive effects
@: no status effects
A: sickness immunity, AC +6, negative energy resistance 1, electricity
resistance, torment resistance 1, petrification resistance
a: Renounce Religion, Heroism


You were on level 7 of the Dungeon.
You worshipped Okawaru.
Okawaru was aware of your devotion.
You visited 2 branches of the dungeon, and saw 8 of its levels.
You also visited: Ossuary.

You collected 314 gold pieces.


Innate Abilities, Weirdness & Mutations

You are immune to sickness and miasma.
Your stone body is resilient. (AC +6)
You are immune to poison.
You resist negative energy. (rN+)
You are resistant to electric shocks. (rElec)
You are resistant to unholy torment.
You are immune to petrification.


   Skills:
 - Level 8.0 Fighting
 + Level 11.1 Ranged Weapons
 - Level 1.4 Armour
 - Level 3.0 Dodging
 - Level 1.1 Stealth
 + Level 2.0 Invocations


You had 8 spell levels left.
You didn't know any spells.
Your spell library was empty.

Inventory:

Hand Weapons
 o - a +0 orcbow (weapon)
Armour
 c - a +2 robe of cold resistance (worn)
 m - a +0 pair of boots (worn)
 n - a +1 helmet (worn)
Jewellery
 h - a ring of positive energy (left hand)
 j - a ring of positive energy (right hand)
Potions
 b - a potion of lignification {unknown}
 e - 4 potions of resistance {unknown}
 f - 2 potions of curing
 g - 2 potions of might
 i - a potion of brilliance {unknown}
 k - a potion of haste {unknown}
 l - a potion of invisibility {unknown}

Dungeon Overview and Level Annotations

Branches:
Dungeon (7/15)             Temple (1/1) D:6         Ossuary (visited)

Altars:
Ashenzari
Cheibriados
Dithmenos
Elyvilon
Fedhas
Gozag
Hepliaklqana
Kikubaaqudgha
Makhleb
Nemelex Xobeh
Okawaru
Qazlal
Ru
Sif Muna
Trog
Uskayaw
Vehumet
Wu Jian
Xom
Yredelemnul
Zin
The Shining One

Annotations:
D:1 1 transporter


Message History

The gnoll barely misses you.
You shoot an arrow. The arrow hits the ogre!
The ogre is heavily wounded.
The gnoll bouda hits you with a +0 club.
The gnoll hits you from afar with a +0 spear.
The gnoll misses you. The ogre barely misses you.
You shoot an arrow. The arrow closely misses the ogre.
The arrow hits the gnoll.
You kill the gnoll!
Okawaru accepts your kill.
Your attacks no longer feel as feeble.
The gnoll bouda barks out a call to the hunt!
The gnoll picks up the pace!
The gnoll hits you but does no damage.
You shoot an arrow. The arrow hits the ogre!
The ogre is severely wounded.
The gnoll bouda hits you with a +0 club.
The gnoll hits you but does no damage. The ogre barely misses you.
You shoot an arrow. The arrow hits the ogre!
You kill the ogre!
Okawaru accepts your kill.
The gnoll bouda hits you but does no damage.
The gnoll misses you.
You feel your strength returning.
Your Invocations skill increases to level 2!
You shoot an arrow. The arrow barely misses the ogre.
The gnoll bouda hits you with a +0 club.
The gnoll hits you from afar with a +0 spear.
The ogre hits you with a +0 giant spiked club!
6578 ||| DRINKING potion of heal wounds.
You feel much better.
The gnoll bouda hits you with a +0 club.
The gnoll closely misses you.
You shoot an arrow. The arrow barely misses the ogre.
The ogre hits you with a +0 giant spiked club!
The gnoll bouda barely misses you. The gnoll misses you.
You shoot an arrow. The arrow hits the ogre!
The ogre is heavily wounded.
The gnoll bouda barely misses you. The gnoll barely misses you.
The ogre hits you with a +0 giant spiked club!!
You die...

#)...####.####
##....#
#.....##
......#
##.#...#
#.....#
####..##
#.....# ##..#
#.....# #..###
..##### ##..>#
......# ##..#
.###### #@###
## #gO.# #gg)#
#..(# #''##
#......#
#.........
#....P....
P.........


You could see an ogre, a gnoll bouda and 2 gnolls.

Vanquished Creatures
  Pikel (D:4)
  2 yaks (D:5)
  2 water moccasins (D:6)
  Duvessa (D:4)
  An orc warrior (D:7)
  2 ice beasts
  A sky beast (D:7)
  2 ogres
  2 black bears
  A centaur (D:7)
  A lemure (D:4)
  An elf zombie (Ossuary)
  2 scorpions
  Dowan (D:4)
  A howler monkey (D:6)
  5 hounds
  3 bombardier beetles
  A gnoll bouda (D:7)
  2 jellies
  4 orc priests
  A sleepcap (D:3)
  Terence (D:3)
  An iguana (D:6)
  2 orc wizards (D:5)
  2 hound zombies (Ossuary)
  A gnoll (D:7)
  7 adders
  A shadow imp (D:6)
  3 white imps
  An adder zombie (Ossuary)
  3 dart slugs
  A ribbon worm (D:3)
  17 orcs
  8 ball pythons
  2 bat zombies (D:4)
  5 endoplasms
  2 giant cockroaches
  4 gnoll zombies (Ossuary)
  4 goblins
  4 hobgoblins
  4 kobolds
  2 quokkas (D:4)
  6 bats
  6 frilled lizards
  4 jackal zombies (Ossuary)
  5 kobold zombies
  4 orc zombies (Ossuary)
  7 rats
  2 rat zombies (D:4)
146 creatures vanquished.

Notes
Turn   | Place    | Note
-------+----------+-------------------------------------------
     0 | D:1      | qw the Gargoyle Hunter began the quest for the Orb.
     0 | D:1      | Reached XP level 1. HP: 12/12 MP: 1/1
     0 | D:1      | 0 ||| qw: Version: 0.3-a-132-g3d54051
     0 | D:1      | 0 ||| qw: Game counter: 109
     0 | D:1      | 0 ||| qw: Melee chars always use a shield: true
     0 | D:1      | 0 ||| qw: God list: Okawaru
     0 | D:1      | 0 ||| qw: Allow faded altars: false
     0 | D:1      | 0 ||| qw: Do Orc after clearing Dungeon:15 true
     0 | D:1      | 0 ||| qw: Do second Lair branch before Depths: true
     0 | D:1      | 0 ||| qw: Lair rune preference: random
     0 | D:1      | 0 ||| qw: Goals: Normal
     0 | D:1      | 0 ||| PLANNING D:1-11
   153 | D:1      | Reached XP level 2. HP: 14/17 MP: 2/2
   692 | D:1      | 692 ||| UPGRADING to +0 ring mail.
   702 | D:1      | 702 ||| DROPPING +0 leather armour.
   703 | D:1      | 703 ||| READING scroll labelled KEDUOR GUPLY.
   704 | D:1      | 704 ||| READING scroll labelled HEYG MANEOM.
   704 | D:1      | 704 ||| IDENTIFYING blue potion
   705 | D:1      | 705 ||| READING 2 scrolls labelled WAOMUCKEGA.
   710 | D:1      | 710 ||| DRINKING 2 fuming silvery potions.
   711 | D:1      | 711 ||| DROPPING scroll of butterflies.
   773 | D:2      | Reached XP level 3. HP: 21/21 MP: 3/3
   810 | D:2      | Reached skill level 1 in Armour
   835 | D:2      | Reached skill level 5 in Ranged Weapons
   848 | D:2      | Reached XP level 4. HP: 12/27 MP: 4/4
   848 | D:2      | 848 ||| FLEEEEING.
  1400 | D:2      | Reached skill level 3 in Fighting
  1508 | D:2      | 1508 ||| UPGRADING to ring of positive energy.
  1509 | D:2      | 1509 ||| READING scroll labelled DESTULESHA.
  1510 | D:2      | 1510 ||| READING 2 scrolls labelled WOMOPL XUCH.
  1510 | D:2      | 1510 ||| ENCHANTING +0 shortbow.
  1511 | D:2      | 1511 ||| READING scroll of enchant weapon.
  1511 | D:2      | 1511 ||| ENCHANTING +1 shortbow.
  1512 | D:2      | 1512 ||| READING scroll labelled SIESEGOSAC.
  1512 | D:2      | 1512 ||| ENCHANTING +2 shortbow.
  1557 | D:3      | Noticed Terence
  1561 | D:3      | 1561 ||| STAIRDANCE
  1563 | D:2      | 1563 ||| FLEEEEING.
  1641 | D:3      | 1641 ||| STAIRDANCE
  1643 | D:2      | 1643 ||| FLEEEEING.
  1680 | D:3      | 1680 ||| STAIRDANCE
  1684 | D:3      | 1684 ||| STAIRDANCE
  1686 | D:2      | 1686 ||| FLEEEEING.
  1758 | D:3      | 1758 ||| STAIRDANCE
  1760 | D:2      | 1760 ||| FLEEEEING.
  1820 | D:3      | 1820 ||| STAIRDANCE
  1822 | D:2      | 1822 ||| FLEEEEING.
  1918 | D:3      | 1918 ||| STAIRDANCE
  1920 | D:2      | 1920 ||| FLEEEEING.
  1989 | D:3      | Killed Terence
  2007 | D:3      | Reached XP level 5. HP: 32/32 MP: 5/5
  2026 | D:3      | Found a hazy altar of Hepliaklqana.
  2213 | D:3      | 2213 ||| READING scroll of enchant weapon.
  2213 | D:3      | 2213 ||| ENCHANTING +2 shortbow.
  2785 | D:3      | Found a faded altar of an unknown god.
  2974 | D:3      | 2974 ||| DROPPING +6 ring of intelligence.
  3002 | D:4      | 3002 ||| PLANNING OSSUARY
  3019 | D:4      | HP: 6/32 [orc priest/divine providence (13)]
  3020 | D:4      | 3020 ||| READING scroll of teleportation.
  3021 | D:4      | 3021 ||| DRINKING 2 potions of heal wounds.
  3032 | D:4      | Reached skill level 6 in Ranged Weapons
  3032 | D:4      | Reached XP level 6. HP: 35/37 MP: 6/6
  3052 | D:4      | 3052 ||| FLEEEEING.
  3346 | D:4      | Noticed Pikel
  3347 | D:4      | 3347 ||| RETREEEEATING.
  3365 | D:4      | HP: 9/38 [Pikel/+1 whip of freezing (3)]
  3366 | D:4      | 3366 ||| DRINKING potion of heal wounds.
  3369 | D:4      | HP: 4/38 [Pikel/+1 whip of freezing (2)]
  3373 | D:4      | Killed Pikel
  3374 | D:4      | Reached skill level 8 in Ranged Weapons
  3374 | D:4      | Reached XP level 7. HP: 3/43 MP: 7/7
  3412 | D:4      | Noticed Duvessa
  3413 | D:4      | 3413 ||| FLEEEEING.
  3414 | D:4      | 3414 ||| FLEEEEING.
  3425 | D:4      | 3425 ||| FLEEEEING.
  3428 | D:4      | 3428 ||| STAIRDANCE
  3518 | D:3      | 3518 ||| UPGRADING to +2 robe of cold resistance.
  3528 | D:3      | 3528 ||| DROPPING +0 ring mail.
  3583 | D:3      | 3583 ||| READING scroll labelled TIUVEL ZASM.
  3593 | D:3      | 3593 ||| READING scroll labelled UQIRUS ITIUZUR.
  3660 | D:4      | Found a sand-covered staircase.
  3679 | D:4      | Reached XP level 8. HP: 48/48 MP: 8/8
  3680 | Ossuary  | Entered an ossuary
  3817 | D:4      | 3817 ||| PLANNING D:1-11
  3951 | D:4      | Found an ancient bone altar of Kikubaaqudgha.
  4126 | D:4      | Noticed Dowan
  4139 | D:4      | Killed Duvessa
  4140 | D:4      | 4140 ||| FLEEEEING.
  4156 | D:4      | Killed Dowan
  4157 | D:4      | Reached skill level 9 in Ranged Weapons
  4157 | D:4      | 4157 ||| FLEEEEING.
  4163 | D:4      | 4163 ||| STAIRDANCE
  4276 | D:3      | 4276 ||| DRINKING 2 smoky orange potions.
  4332 | D:5      | Entered Level 5 of the Dungeon
  4630 | D:5      | Reached skill level 6 in Fighting
  4699 | D:5      | 4699 ||| FLEEEEING.
  4760 | D:5      | Noticed a yak
  4762 | D:5      | Noticed a yak
  4763 | D:5      | 4763 ||| FLEEEEING.
  4764 | D:5      | Noticed a yak
  4769 | D:5      | 4769 ||| RETREEEEATING.
  4771 | D:5      | 4771 ||| RETREEEEATING.
  4773 | D:5      | Killed a yak
  4774 | D:5      | 4774 ||| FLEEEEING.
  4775 | D:5      | 4775 ||| FLEEEEING.
  4776 | D:5      | 4776 ||| FLEEEEING.
  4777 | D:5      | 4777 ||| FLEEEEING.
  4778 | D:5      | 4778 ||| FLEEEEING.
  4779 | D:5      | 4779 ||| FLEEEEING.
  4780 | D:5      | 4780 ||| FLEEEEING.
  4781 | D:5      | 4781 ||| FLEEEEING.
  4782 | D:5      | 4782 ||| FLEEEEING.
  4793 | D:5      | 4793 ||| FLEEEEING.
  4795 | D:5      | 4795 ||| FLEEEEING.
  4796 | D:5      | 4796 ||| FLEEEEING.
  4797 | D:5      | 4797 ||| FLEEEEING.
  4798 | D:5      | 4798 ||| FLEEEEING.
  4799 | D:5      | 4799 ||| FLEEEEING.
  4800 | D:5      | 4800 ||| FLEEEEING.
  4801 | D:5      | 4801 ||| FLEEEEING.
  4802 | D:5      | 4802 ||| FLEEEEING.
  4803 | D:5      | 4803 ||| FLEEEEING.
  4804 | D:5      | 4804 ||| FLEEEEING.
  4805 | D:5      | 4805 ||| FLEEEEING.
  4806 | D:5      | 4806 ||| FLEEEEING.
  4807 | D:5      | 4807 ||| FLEEEEING.
  4808 | D:5      | 4808 ||| FLEEEEING.
  4809 | D:5      | 4809 ||| FLEEEEING.
  4810 | D:5      | 4810 ||| FLEEEEING.
  4811 | D:5      | 4811 ||| FLEEEEING.
  4812 | D:5      | 4812 ||| FLEEEEING.
  4813 | D:5      | 4813 ||| STAIRDANCE
  4868 | D:4      | 4868 ||| UPGRADING to ring of positive energy.
  4869 | D:4      | 4869 ||| DRINKING 2 murky sapphire potions.
  4870 | D:4      | 4870 ||| DROPPING potion of degeneration.
  4890 | D:5      | Killed a yak
  4891 | D:5      | Reached skill level 10 in Ranged Weapons
  4891 | D:5      | Reached XP level 9. HP: 40/55 MP: 9/9
  4891 | D:5      | 4891 ||| STAIRDANCE
  4893 | D:4      | 4893 ||| FLEEEEING.
  5135 | D:5      | Reached skill level 3 in Dodging
  5445 | D:6      | 5445 ||| FLEEEEING.
  5447 | D:6      | 5447 ||| STAIRDANCE
  5663 | D:6      | Found a staircase to the Ecumenical Temple.
  5664 | D:6      | 5664 ||| PLANNING TEMPLE
  5674 | Temple   | Entered the Ecumenical Temple
  5675 | Temple   | 5675 ||| PLANNING OKAWARU WORSHIP
  5713 | Temple   | Became a worshipper of Warmaster Okawaru
  5714 | Temple   | 5714 ||| PLANNING D:1-11
  6047 | D:6      | Reached skill level 11 in Ranged Weapons
  6169 | D:6      | 6169 ||| UPGRADING to +0 pair of boots.
  6174 | D:6      | 6174 ||| UPGRADING to +0 helmet.
  6179 | D:6      | 6179 ||| READING scroll of enchant armour.
  6179 | D:6      | 6179 ||| ENCHANTING +0 helmet.
  6329 | D:7      | Reached * piety under Okawaru
  6362 | D:7      | 6362 ||| SWAPPING to +0 orcbow.
  6369 | D:7      | 6369 ||| FLEEEEING.
  6405 | D:7      | 6405 ||| DROPPING +3 shortbow.
  6450 | D:7      | Reached skill level 1 in Invocations
  6450 | D:7      | 6450 ||| FLEEEEING.
  6562 | D:7      | 6562 ||| RETREEEEATING.
  6563 | D:7      | 6563 ||| RETREEEEATING.
  6564 | D:7      | 6564 ||| RETREEEEATING.
  6565 | D:7      | 6565 ||| RETREEEEATING.
  6577 | D:7      | HP: 12/59 [ogre/+0 giant spiked club (10)]
  6578 | D:7      | 6578 ||| DRINKING potion of heal wounds.
  6580 | D:7      | Mangled by an ogre

Levels and vault maps discovered:
D:1:      spicycebolla_arrival_risky_transporter, layout_basic,
          minmay_misc_feat_chi
D:2:      layout_basic, wander_ebering_terrifying_dragon_lair
D:3:      layout_basic, general_overflow_altar, chequers_ecumenical_altar_grove,
          uniq_terence
D:4:      layout_loops_cross, lemuel_zombie_altar_kikubaaqudgha,
          enter_ossuary_3, uniq_pikel, uniq_duvessa
D:5:      layout_gridville
D:6:      layout_loops_ring, minmay_temple_entry_statues_pillars
D:7:      kennysheep_seaside_town, layout_rooms
Temple:   mainiacjoe_temple_big_plus

Skill      XL: |  1  2  3  4  5  6  7  8  9 |
---------------+----------------------------+-----
Armour         | 1 |  1.4
Ranged Weapons | 5 6 8 10 11 | 11.1
Fighting       | 3 4 6 8 |  8.0
Dodging        | 2 3 |  3.0
Invocations    | 2 |  2.0
Stealth        | |  1.1

Action                     |  1- 3 |  4- 6 |  7- 9 || total
---------------------------+-------+-------+-------++-------
   Fire: Shortbow          |    90 |   179 |   306 ||   575
         Orcbow            |       |       |    41 ||    41
    Use: Scroll            |     3 |     6 |     3 ||    12
         Potion            |     1 |     2 |     3 ||     6
 Armour: Leather armour    |     6 |       |       ||     6
         Ring mail         |    49 |    48 |     2 ||    99
         Robe              |       |       |   121 ||   121
  Dodge: Dodged            |    32 |    51 |   118 ||   201

Table legend:
 A = Non-vault XP
 B = Vault XP
 C = Vault XP percentage of total XP
 D = Non-vault monster count
 E = Vault monster count
 F = Vault count percentage of total count
                 A         B        C        D         E       F
            +---------+---------+-------+---------+---------+-------
      Total |    2840 |    1321 |  31.7 |     111 |      34 |  23.4
            +---------+---------+-------+---------+---------+-------
        D:1 |      31 |       0 |   0.0 |      17 |       0 |   0.0
        D:2 |      78 |       1 |   1.3 |      20 |       1 |   4.8
        D:3 |      76 |      36 |  32.1 |      15 |       1 |   6.2
        D:4 |     409 |     816 |  66.6 |      18 |       8 |  30.8
        D:5 |     897 |       0 |   0.0 |      16 |       0 |   0.0
        D:6 |     918 |       0 |   0.0 |      18 |       0 |   0.0
        D:7 |     431 |     305 |  41.4 |       7 |       4 |  36.4
    Ossuary |       0 |     163 | 100.0 |       0 |      20 | 100.0
            +---------+---------+-------+---------+---------+-------
